 Dungeon Crawl Stone Soup version 0.27.1 (webtiles) character file.

Game seed: 1960464328118666340

11 Sabo the Ducker (level 2, 18/22 HPs)
             Began as a Demonspawn Gladiator on Aug 22, 2021.
             Was a Follower of Yredelemnul.
             Got out of the dungeon alive.
             The game lasted 00:03:20 (605 turns).

Sabo the Ducker (Demonspawn Gladiator)               Turns: 605, Time: 00:03:20

Health: 18/22      AC:  5    Str: 14    XL:     2   Next: 13%
Magic:  2/2        EV: 11    Int:  9    God:    Yredelemnul [*.....]
Gold:   50         SH:  0    Dex: 14    Spells: 1/1 levels left

rFire    . . .     SeeInvis .   a - +0 quarterstaff
rCold    . . .     Faith    .   (shield currently unavailable)
rNeg     . . .     Spirit   .   i - +0 ring mail
rPois    .         Reflect  .   (helmet restricted)
rElec    .         Harm     .   (no cloak)
rCorr    .         Rampage  .   (no gloves)
Will     .....                  (no boots)
Stlth    +.........             (no amulet)
HPRegen  0.07/turn              (no ring)
MPRegen  0.08/turn              (no ring)

@: no status effects
A: horns 1
a: Renounce Religion, Animate Remains


You escaped.
You worshipped Yredelemnul.
Yredelemnul was aware of your devotion.
You visited 1 branch of the dungeon, and saw 1 of its levels.

You collected 50 gold pieces.

Inventory:

Hand Weapons
 a - a +0 quarterstaff (weapon)
Missiles
 d - 3 throwing nets (quivered)
 h - 32 stones
Armour
 g - a +0 helmet
 i - a +0 ring mail (worn)
Scrolls
 e - a scroll of amnesia {unknown}
Potions
 f - a potion of heal wounds {unknown}


   Skills:
 + Level 2.1 Fighting
 + Level 2.9 Staves
 + Level 1.9 Throwing
 + Level 2.9 Dodging


You had one spell level left.
You didn't know any spells.
Your spell library was empty.

Dungeon Overview and Level Annotations

Branches:
Dungeon (1/15)

Altars:
Yredelemnul


Innate Abilities, Weirdness & Mutations

You have a pair of small horns on your head.


Message History

The bat closely misses you. The bat barely misses you.
You sock the goblin!
You kill the goblin!
Yredelemnul accepts your kill. The bat hits you but does no damage.
You have reached level 2!
Your demonic ancestry asserts itself...
A pair of horns grows on your head!
Your +0 helmet falls away!
The bat barely misses you. The bat closely misses you.
The bat barely misses you.
You miss the bat. The bat hits you but does no damage.
The bat closely misses you.
You barely miss the bat. The bat barely misses you.
The bat hits you but does no damage.
You sock the bat!
You kill the bat!
Yredelemnul accepts your kill.
An endoplasm comes into view.
The endoplasm quivers.
The endoplasm hits you.
The endoplasm hits you but does no damage.
The endoplasm freezes you.
You are frozen.
The endoplasm freezes you.
You are frozen.
The endoplasm hits you but does no damage.
You hit the endoplasm.
The endoplasm is moderately wounded.
The endoplasm barely misses you.
You sock the endoplasm!
You kill the endoplasm!
Yredelemnul accepts your kill.
You see here a +0 rapier.
There is an escape hatch in the floor here.
There is a staircase leading out of the dungeon here.
You can't go down here!
Are you sure you want to leave the Dungeon?
This will make you lose the game!
You have escaped!

..###..#####.# #.####....#
..#...## # #.#....##.#
.....## #######.#######.#
##..## #.............#.#
#....## #######.#######.##
..##..# ##.#.#........# ##
##.## #..#.#........# #..#
##.##.#........##
##.#####...#@#.........#
#.##.....####.......#.###
###.......## ...#...##...#
###.....#####
######....#[#
.....##..######## #....#.#
###......#......# #....#.#
...####........# #....#.##
####
#........#######....#..###
#.........................


There were no monsters in sight!

Vanquished Creatures
  4 bats (D:1)
  2 endoplasms (D:1)
  A goblin (D:1)
  A kobold (D:1)
  2 frilled lizards (D:1)
10 creatures vanquished.

Vanquished Creatures (others)
  2 plants (D:1)
  5 withered plants (D:1)
7 creatures vanquished.

Grand Total: 17 creatures vanquished

Notes
Turn   | Place    | Note
-------+----------+-------------------------------------------
     0 | D:1      | Sabo the Demonspawn Gladiator began the quest for the Orb.
     0 | D:1      | Reached XP level 1. HP: 16/16 MP: 1/1
   272 | D:1      | Found a faded altar of an unknown god.
   378 | D:1      | Became a worshipper of Yredelemnul the Dark
   378 | D:1      | Reached * piety under Yredelemnul
   549 | D:1      | Gained mutation: You have a pair of small horns on your
                  | head. [demonic ancestry]
   549 | D:1      | Reached XP level 2. HP: 22/22 MP: 2/2
   605 | D:$      | Got out of the dungeon alive.

Illustrated notes

Levels and vault maps discovered:
D:1:      lemuel_arrival_cross, layout_rooms,
          shapermc_ecumenical_altar_flowoftime, minmay_misc_feat_nine_boxes

Action                   || total
-------------------------++-------
Melee: Quarterstaff      ||    41
 Stab: Sleeping          ||     1
Armor: Leather armour    ||    12
       Ring mail         ||     5
Dodge: Dodged            ||    27
